AoeStats
← 冰块

Arabia

509318320Analyzed
1v1 RM · 6d ago on Sep 26, 2026· 50m 55s· 2 players
Game mode
Random Map
Map size
Tiny (2 player)
Population
200
Speed
Normal
Resources
Standard
Victory
Conquest
Starting age
Dark Age
Ending age
Imperial Age
RankedLock teamsTeams togetherTeam positionsShared explorationLock speedFull tech treeHidden civsTurbo modeCheats
Victory
Defeat
🇨🇳 Bohemians · China
1039
+16
🇸🇪 Bulgarians · Sweden
1031
-16
RIVAL
7:20 Loom
9:38 Feudal Age
12:22 Horse Collar
13:45 Scale Mail Armor
13:56 Forging
23:24 Castle Age
21:47 Arson
25:16 Chain Mail Armor
24:50 Gambesons
25:06 Squires
26:49 Fletching
27:36 Iron Casting
27:56 Bodkin Arrow
28:17 Gold Mining
34:47 Scale Barding Armor
36:28 Chain Barding Armor
37:01 Ballistics
37:53 Bloodlines
43:07 Imperial Age
41:36 Light Cavalry
42:17 Husbandry
44:34 Plate Barding Armor
45:24 Cavalier
冰块
7:52 Loom
10:06 Feudal Age
19:33 Wheelbarrow
21:14 Castle Age
19:14 Fletching
19:43 Double-Bit Axe
22:18 Crossbowman
22:54 Bodkin Arrow
28:43 Padded Archer Armor
30:38 Ballistics
31:19 Chemistry
36:52 Imperial Age
40:49 Arbalester
44:15 Conscription
51:33 Leather Archer Armor
Connection lost

Rejoining the realm…

Still unreachable

The connection could not be restored.

Session expired

The server has moved on; the page needs a fresh start.